 Dungeon Crawl Stone Soup version 0.27.1 (webtiles) character file.

Game seed: 6683428111458962892

345 AIAndy the Covert (level 6, -5/53 HPs)
             Began as a Gnoll Delver on Aug 25, 2021.
             Was a Believer of Makhleb.
             Killed by divine providence
             ... invoked by an orc priest
              (16 damage)
             ... on level 5 of the Dungeon.
             The game lasted 00:15:33 (4858 turns).

AIAndy the Covert (Gnoll Delver)                    Turns: 4858, Time: 00:15:34

Health: -5/53      AC:  5    Str: 13    XL:     6   Next: 58%
Magic:  9/9        EV: 12    Int: 10    God:    Makhleb [**....]
Gold:   251        SH:  0    Dex: 13    Spells: 9/9 levels left

rFire    . . .     SeeInvis .   a - +0 falchion
rCold    . . .     Faith    .   (no shield)
rNeg     . . .     Spirit   .   x - +0 ring mail
rPois    .         Reflect  .   (no helmet)
rElec    .         Harm     .   (no cloak)
rCorr    .         Rampage  .   (no gloves)
Will     +....                  (no boots)
Stlth    ++++......             (no amulet)
HPRegen  0.17/turn              W - ring of willpower
MPRegen  0.11/turn              (no ring)

@: no status effects
A: fangs 1, strong nose, distributed training
a: Renounce Religion, Minor Destruction


You were on level 5 of the Dungeon.
You worshipped Makhleb.
Makhleb was pleased with you.
You visited 1 branch of the dungeon, and saw 5 of its levels.

You collected 251 gold pieces.


Innate Abilities, Weirdness & Mutations

You have very sharp teeth.
Your uncanny sense of smell can sniff out nearby items.
Your experience applies equally to all skills.


   Skills:
 + Level 6.8 Fighting
 + Level 2.0 Short Blades
 + Level 5.0 Long Blades
 + Level 2.0 Axes
 + Level 2.0 Maces & Flails
 + Level 2.0 Polearms
 + Level 2.0 Staves
 + Level 2.0 Slings
 + Level 2.0 Bows
 + Level 2.0 Crossbows
 + Level 2.0 Throwing
 + Level 2.0 Armour
 + Level 5.0 Dodging
 + Level 9.7 Stealth
 + Level 2.0 Shields
 + Level 2.0 Unarmed Combat
 + Level 2.0 Spellcasting
 + Level 1.6 Conjurations
 + Level 1.6 Hexes
 + Level 1.6 Summonings
 + Level 1.6 Necromancy
 + Level 1.6 Translocations
 + Level 1.6 Transmutations
 + Level 1.6 Fire Magic
 + Level 1.6 Ice Magic
 + Level 1.6 Air Magic
 + Level 1.6 Earth Magic
 + Level 1.6 Poison Magic
 + Level 2.2 Invocations
 + Level 2.0 Evocations


You had 9 spell levels left.
You didn't know any spells.
Your spell library contained the following spells:

 Spells                   Type           Power      Damage    Failure   Level
 Freezing Cloud           Conj/Ice/Air   2%         6-21      100%        5
 Simulacrum               Ice/Necr       2%         N/A       100%        6
 Polar Vortex             Ice            2%         N/A       100%        9

Inventory:

Hand Weapons
 a - a +0 falchion (weapon)
 b - a +0 hunting sling
Missiles
 i - a throwing net {=f}
 m - 158 stones (quivered)
Armour
 t - a +0 leather armour
 x - a +0 ring mail (worn)
 y - a +0 chain mail
Jewellery
 W - a ring of willpower (left hand)
Wands
 g - a wand of digging (2)
Scrolls
 c - a scroll of fog
 d - 2 scrolls of magic mapping
 e - a scroll of fear
 h - 2 scrolls of enchant weapon {unknown}
 l - a scroll of amnesia {unknown}
 n - a scroll of teleportation {unknown}
 o - 7 scrolls of identify {unknown}
 s - a scroll of vulnerability {unknown}
 u - a scroll of immolation {unknown}
 z - a scroll of enchant armour {unknown}
 A - a scroll of silence {unknown}
Potions
 f - a potion of haste {@q3}
 j - a potion of lignification {unknown}
 k - a potion of curing {unknown}
 p - 2 potions of magic {unknown}
 q - 4 potions of heal wounds {unknown}
 r - a potion of flight {unknown}
 v - a potion of invisibility {unknown}
 w - a potion of degeneration {unknown}

Dungeon Overview and Level Annotations

Branches:
Dungeon (5/15)
 Temple: D:4-7

Altars:
Makhleb
Okawaru

Shops:
D:2

: ###.......#
#....#####.#
##.......###.......<..#
.......▓.▓.▓.▓.▓.▓.#.##
####.#.▓...▓...▓...▓..#
###.#▓.▓.▓.▓.▓.▓.▓.▓.#
.##.......▓...▓...▓....#
.......▓.▓.▓.▓.▓.▓.▓.▓.#
........▓...▓...▓..Z▓..#
.......▓@▓.▓.▓.▓.▓.▓.▓.#
.##.)o..▓...▓...▓....#
.(.((.o▓.▓.▓.▓.▓.▓.▓.▓##
(..####.▓...▓...▓...▓.#
. #▓.▓.▓.▓.▓.▓.▓.▓#
...▓...▓...▓...#
▓.▓.▓.▓.▓.▓.▓.▓#
▓...▓...▓...▓.#
▓.▓.▓.▓.▓.▓.##


You could see an orc priest and an orc.


Message History

The orc priest calls down the wrath of Beogh upon you.
Beogh smites you! The orc barely misses you.
You barely miss the orc.
The orc is moderately wounded.
The orc hits you with a +0 dagger.
You hit the orc. Your bite misses the orc.
The orc is heavily wounded.
The orc hits you but does no damage.
You slash the orc!
You kill the orc!
Makhleb accepts your kill.
You feel better.
The orc priest invokes the aid of Beogh against you.
Beogh smites you!
* * * LOW HITPOINT WARNING * * *
Your ring mail prevents you from hitting the orc priest.
The orc priest closely misses you.
You hit the orc priest.
The orc priest is lightly wounded.
The orc priest completely misses you.
You riposte.
You hit the orc priest. Your bite misses the orc priest.
The orc priest is moderately wounded.
You closely miss the orc priest.
The orc priest is moderately wounded.
The orc closely misses you.
You riposte.
You barely miss the orc.
The orc priest hits you with a +0 hand axe.
* * * LOW HITPOINT WARNING * * *
The orc priest mumbles some strange prayers to Beogh against you.
Beogh smites you!
You die...

Skill      XL: |  1  2  3  4  5  6 |
---------------+-------------------+-----
Stealth        | |  9.7
Invocations    | 1 2 |  2.2
Short Blades   | 1 2 |  2.0
Axes           | 1 2 |  2.0
Maces & Flails | 1 2 |  2.0
Polearms       | 1 2 |  2.0
Staves         | 1 2 |  2.0
Slings         | 1 2 |  2.0
Bows           | 1 2 |  2.0
Crossbows      | 1 2 |  2.0
Throwing       | 1 2 |  2.0
Armour         | 1 2 |  2.0
Shields        | 1 2 |  2.0
Unarmed Combat | 1 2 |  2.0
Spellcasting   | 1 2 |  2.0
Evocations     | 1 2 |  2.0
Conjurations   | 1 |  1.6
Hexes          | 1 |  1.6
Summonings     | 1 |  1.6
Necromancy     | 1 |  1.6
Translocations | 1 |  1.6
Transmutations | 1 |  1.6
Fire Magic     | 1 |  1.6
Ice Magic      | 1 |  1.6
Air Magic      | 1 |  1.6
Earth Magic    | 1 |  1.6
Poison Magic   | 1 |  1.6
Long Blades    | 5 |  5.0
Dodging        | 5 |  5.0
Fighting       | |  6.8

Action                   |  1- 3 |  4- 6 || total
-------------------------+-------+-------++-------
Melee: Falchion          |    98 |   121 ||   219
       Bite              |    10 |     7 ||    17
 Fire: Hunting sling     |       |    84 ||    84
Evoke: Wand              |       |     1 ||     1
  Use: Scroll            |       |     1 ||     1
 Stab: Sleeping          |    24 |     5 ||    29
       Distracted        |     1 |       ||     1
Armor: Leather armour    |     8 |    10 ||    18
       Ring mail         |       |    20 ||    20
Dodge: Dodged            |    50 |    73 ||   123
       Rpst.: Falchion   |    20 |    23 ||    43

Levels and vault maps discovered:
D:1:      matt_arrival_diagonals, layout_basic, basic_ecumenical_altar
D:2:      minmay_wonky_spiral, layout_loops_ring, serial_shops, shop_statue
D:3:      layout_rooms, minmay_rat_hole
D:4:      wander_river, layout_basic, okawaru_trees_2
D:5:      layout_basic, minmay_temple_entry_glassed_door, serial_glass,
          glass_columns_c, glass_columns_a, glass_columns_c, glass_columns_a,
          glass_columns_a, item_on_display_a, hangedman_decor_diamond_cutter,
          kennysheep_crisscross

Notes
Turn   | Place    | Note
-------+----------+-------------------------------------------
     0 | D:5      | Reached skill level 9 in Stealth
     0 | D:5      | AIAndy the Gnoll Delver began the quest for the Orb.
     0 | D:5      | Reached XP level 1. HP: 23/23 MP: 1/1
    28 | D:5      | Reached XP level 2. HP: 27/29 MP: 2/2
    30 | D:4      | Noticed a phantom
   413 | D:1      | Found a faded altar of an unknown god.
   426 | D:1      | Became a worshipper of Makhleb the Destroyer
   426 | D:1      | Reached * piety under Makhleb
   446 | D:1      | Reached XP level 3. HP: 35/35 MP: 3/3
   892 | D:1      | Reached skill level 1 in Invocations
  1662 | D:2      | Reached skill level 1 in Short Blades
  1662 | D:2      | Reached skill level 1 in Axes
  1662 | D:2      | Reached skill level 1 in Maces & Flails
  1662 | D:2      | Reached skill level 1 in Polearms
  1662 | D:2      | Reached skill level 1 in Staves
  1662 | D:2      | Reached skill level 1 in Slings
  1662 | D:2      | Reached skill level 1 in Bows
  1662 | D:2      | Reached skill level 1 in Crossbows
  1662 | D:2      | Reached skill level 1 in Throwing
  1662 | D:2      | Reached skill level 1 in Armour
  1662 | D:2      | Reached skill level 1 in Shields
  1662 | D:2      | Reached skill level 1 in Unarmed Combat
  1662 | D:2      | Reached skill level 1 in Spellcasting
  1662 | D:2      | Reached skill level 1 in Evocations
  1681 | D:2      | Found Xoysm's Book Boutique.
  2040 | D:2      | Reached XP level 4. HP: 33/41 MP: 5/5
  2560 | D:3      | Reached ** piety under Makhleb
  2590 | D:3      | Reached skill level 1 in Conjurations
  2590 | D:3      | Reached skill level 1 in Hexes
  2590 | D:3      | Reached skill level 1 in Summonings
  2590 | D:3      | Reached skill level 1 in Necromancy
  2590 | D:3      | Reached skill level 1 in Translocations
  2590 | D:3      | Reached skill level 1 in Transmutations
  2590 | D:3      | Reached skill level 1 in Fire Magic
  2590 | D:3      | Reached skill level 1 in Ice Magic
  2590 | D:3      | Reached skill level 1 in Air Magic
  2590 | D:3      | Reached skill level 1 in Earth Magic
  2590 | D:3      | Reached skill level 1 in Poison Magic
  3176 | D:4      | Reached XP level 5. HP: 29/47 MP: 5/7
  3189 | D:4      | HP: 2/47 [acid (7)]
  3843 | D:4      | Reached skill level 2 in Invocations
  3843 | D:4      | Reached XP level 6. HP: 28/53 MP: 8/8
  4031 | D:4      | Reached *** piety under Makhleb
  4436 | D:4      | Found an iron altar of Okawaru.
  4458 | D:4      | Reached skill level 2 in Short Blades
  4458 | D:4      | Reached skill level 5 in Long Blades
  4458 | D:4      | Reached skill level 2 in Axes
  4458 | D:4      | Reached skill level 2 in Maces & Flails
  4458 | D:4      | Reached skill level 2 in Polearms
  4458 | D:4      | Reached skill level 2 in Staves
  4458 | D:4      | Reached skill level 2 in Slings
  4458 | D:4      | Reached skill level 2 in Bows
  4458 | D:4      | Reached skill level 2 in Crossbows
  4458 | D:4      | Reached skill level 2 in Throwing
  4458 | D:4      | Reached skill level 2 in Armour
  4458 | D:4      | Reached skill level 5 in Dodging
  4458 | D:4      | Reached skill level 2 in Shields
  4458 | D:4      | Reached skill level 2 in Unarmed Combat
  4458 | D:4      | Reached skill level 2 in Spellcasting
  4458 | D:4      | Reached skill level 2 in Evocations
  4858 | D:5      | Killed from afar by an orc priest

Vanquished Creatures
  A phantom (D:4)
  An orc priest (D:4)
  3 jellies (D:4)
  An orc wizard (D:4)
  A hound skeleton (D:5)
  An adder (D:2)
  4 dart slugs
  8 orcs
  9 endoplasms
  2 giant cockroaches
  9 goblins
  6 hobgoblins
  3 jackals (D:4)
  4 kobolds
  6 quokkas
  5 ball pythons
  3 bats
  5 frilled lizards
  25 rats
97 creatures vanquished.

Table legend: (Time is in decaauts)
 A = Elapsed time spent in this place.
 B = Non-inter-level travel time spent in this place.
 C = Inter-level travel time spent in this place.
 D = Time resting spent in this place.
 E = Time spent auto-exploring this place.
 F = Levels seen in this place.
 G = Mean time per level.
                   A        B        C        D        E       F      G
               +--------+--------+--------+--------+--------+-----+--------+
         Total |   4884 |   4766 |    118 |    718 |   3047 |   5 |  976.8 |
       Dungeon |   4884 |   4766 |    118 |    718 |   3047 |   5 |  976.8 |
               +--------+--------+--------+--------+--------+-----+--------+

Top non-repeatable levels by time:
     D:4: 1470 daAuts
     D:1: 1386 daAuts
     D:2: 975 daAuts
     D:3: 905 daAuts
     D:5: 147 daAuts

Table legend:
 A = Non-vault XP
 B = Vault XP
 C = Vault XP percentage of total XP
 D = Non-vault monster count
 E = Vault monster count
 F = Vault count percentage of total count
                 A         B        C        D         E       F
            +---------+---------+-------+---------+---------+-------
      Total |     472 |      22 |   4.5 |      77 |      20 |  20.6
            +---------+---------+-------+---------+---------+-------
        D:1 |      43 |       0 |   0.0 |      26 |       0 |   0.0
        D:2 |      32 |       2 |   5.9 |      12 |       1 |   7.7
        D:3 |      28 |      20 |  41.7 |      14 |      19 |  57.6
        D:4 |     345 |       0 |   0.0 |      22 |       0 |   0.0
        D:5 |      24 |       0 |   0.0 |       3 |       0 |   0.0
            +---------+---------+-------+---------+---------+-------
